 Dungeon Crawl Stone Soup version 0.23-a0-612-gcb482e9 (webtiles) character file.

58 Borgoz the Skirmisher (level 4, -2/40 HPs)
             Began as a Ghoul Abyssal Knight on Dec 22, 2018.
             Was a Follower of Lugonu.
             Slain by a wyvern zombie (13 damage)
             ... on level 3 of the Dungeon.
             The game lasted 00:02:27 (1757 turns).

Borgoz the Skirmisher (Ghoul Abyssal Knight)        Turns: 1757, Time: 00:02:27

Health: -2/40      AC:  6    Str: 15    XL:     4   Next: 1%
Magic:  4/4        EV: 15    Int:  7    God:    Lugonu [*.....]
Gold:   213        SH:  0    Dex: 14    Spells: 3/3 levels left

rFire    . . .     SeeInvis .   a - +1 hand axe
rCold    + . .     Gourm    .   (no shield)
rNeg     + + +     Faith    .   i - +0 scale mail
rPois    ∞         Spirit   .   (no helmet)
rElec    .         Reflect  .   (no cloak)
rCorr    .         Harm     .   (no gloves)
MR       .....                  (no boots)
Stlth    +.........             (no amulet)
HPRegen  0.00/turn              (no ring)
MPRegen  0.09/turn              (no ring)

@: agile, rotting
A: rotting body, claws 1, carnivore, cold resistance 1, negative energy
resistance 3, inhibited regeneration, torment resistance, unbreathing
a: Depart the Abyss, Renounce Religion


You were on level 3 of the Dungeon.
You worshipped Lugonu.
Lugonu was aware of your devotion.
You were not hungry.

You visited 1 branch of the dungeon, and saw 3 of its levels.
You visited the Abyss 1 time.

You collected 213 gold pieces.

Inventory:

Hand Weapons
 a - a +1 hand axe (weapon)
Armour
 i - a +0 scale mail (worn)
Wands
 d - a wand of iceblast (7)
Scrolls
 e - a scroll of random uselessness {unknown}
 f - 4 scrolls of fog {unknown}
 g - a scroll of holy word {unknown}
 h - a scroll of remove curse {unknown}
Comestibles
 c - 4 rations
 j - 4 chunks of flesh


   Skills:
 + Level 3.7 Fighting
 + Level 2.3 Axes
 + Level 2.2 Armour
 + Level 1.6 Dodging
 + Level 2.5 Invocations


You had 3 spell levels left.
You didn't know any spells.
Your spell library was empty.

Dungeon Overview and Level Annotations

Branches:
Dungeon (3/15)

Altars:
The Shining One


Innate Abilities, Weirdness & Mutations

Your body is rotting away.
You thrive on raw meat.
You are immune to poison.
You have sharp fingernails.
You are carnivorous and can eat meat at any time.
Your flesh is cold resistant. (rC+)
You are immune to negative energy. (rN+++)
You do not regenerate when monsters are visible.
You are immune to unholy pain and torment.
You can survive without breathing.


Message History

The wyvern zombie is lightly damaged.
The wyvern zombie barely misses you.
You slash the wyvern zombie!
The wyvern zombie is moderately damaged.
The wyvern zombie bites you! The wyvern zombie bites you.
* * * LOW HITPOINT WARNING * * *
You hit the wyvern zombie.
The wyvern zombie is moderately damaged.
The wyvern zombie bites you.
* * * LOW HITPOINT WARNING * * *
You feel better.
The wyvern zombie bites you but does no damage.
The wyvern zombie barely misses you.
It was a potion of agility.
You feel agile all of a sudden.
The wyvern zombie bites you but does no damage.
You barely miss the wyvern zombie.
The wyvern zombie is moderately damaged.
The wyvern zombie bites you!
You die...

... #.# ..# #.#
.. ..##.# ##
#.. ##.%...
.##..#
#...#.##.#..#
#..........##.
##....†........
#.....<........
#......@...$...
#^....>.Z...##.
##....?....##
##...#...##
#########


You could see a wyvern zombie.

Vanquished Creatures
  2 adders (D:2)
  A white imp (Abyss:1)
  A leopard gecko (D:1)
  2 giant cockroaches (D:2)
  5 goblins
  4 hobgoblins
  8 kobolds
  A quokka (D:2)
  4 ball pythons
  A bat (D:2)
  4 rats
33 creatures vanquished.

Notes
Turn   | Place    | Note
-------+----------+-------------------------------------------
     0 | Abyss:1  | Borgoz the Ghoul Abyssal Knight began the quest for the
                  | Orb.
     0 | Abyss:1  | Reached XP level 1. HP: 19/19 MP: 1/1
   128 | Abyss:1  | Reached skill level 1 in Dodging
   128 | Abyss:1  | Reached XP level 2. HP: 6/26 MP: 2/2
   152 | Abyss:2  | Noticed a smoke demon
   199 | Abyss:3  | Noticed a chaos spawn
   209 | Abyss:3  | Noticed a small abomination
   212 | Abyss:3  | Noticed a thrashing horror
   214 | D:1      | Escaped the Abyss
   520 | D:1      | Reached * piety under Lugonu
  1104 | D:2      | Reached XP level 3. HP: 31/31 MP: 3/3
  1639 | D:2      | Reached XP level 4. HP: 31/40 MP: 4/4
  1647 | D:2      | Found a glowing golden altar of the Shining One.
  1757 | D:3      | Slain by a wyvern zombie

Vault maps used:
D:1:      minmay_arrival_checkered_box
D:2:      old_standard_altar, minmay_cupped
D:3:      uniq_ijyb
Abyss:1:  minivault_26
Abyss:3:  evilmike_abyss_exit_mutagenic

Skill      XL: |  1  2 |
---------------+-------+-----
Dodging        | 1 |  1.6
Axes           | 2 |  2.3
Armour         | 2 |  2.2
Fighting       | |  3.7
Invocations    | |  2.5

Action                   |  1- 3 |  4- 6 || total
-------------------------+-------+-------++-------
Melee: Hand axe          |    93 |    10 ||   103
Invok: Depart the Abyss  |     1 |       ||     1
  Use: Potion            |       |     3 ||     3
  Eat: Chunk             |     2 |     1 ||     3
Armor: Leather armour    |    11 |       ||    11
       Scale mail        |    34 |     4 ||    38
Dodge: Dodged            |    64 |     7 ||    71

Table legend:
 A = Non-vault XP
 B = Vault XP
 C = Vault XP percentage of total XP
 D = Non-vault monster count
 E = Vault monster count
 F = Vault count percentage of total count
                 A         B        C        D         E       F
            +---------+---------+-------+---------+---------+-------
      Total |      79 |       4 |   4.8 |      30 |       3 |   9.1
            +---------+---------+-------+---------+---------+-------
        D:1 |      22 |       0 |   0.0 |      13 |       0 |   0.0
        D:2 |      46 |       4 |   8.0 |      15 |       3 |  16.7
        D:3 |       1 |       0 |   0.0 |       1 |       0 |   0.0
    Abyss:1 |      10 |       0 |   0.0 |       1 |       0 |   0.0
            +---------+---------+-------+---------+---------+-------
